 Dungeon Crawl Stone Soup version 0.31-a0-1540-g5a0b83f448 (webtiles) character file.

Game seed: 2204462819352638767

136 wildpjah the Slasher (level 4, 0/34 HPs)
             Began as a Demonspawn Gladiator on Jan 2, 2024.
             Slain by AstroCodex24's ghost (12 damage)
             ... on level 4 of the Dungeon.
             The game lasted 00:06:05 (2552 turns).

wildpjah the Slasher (Demonspawn Gladiator)         Turns: 2552, Time: 00:06:06

Health: 0/34       AC:  8    Str: 14    XL:     4   Next: 98%
Magic:  4/4        EV: 12    Int:  9    God:
Gold:   175        SH:  0    Dex: 16    Spells: 3/3 levels left

rFire   + . .        i - +1 short sword (speed)
rCold   + . .        (no shield)
rNeg    . . .        k - +0 scale mail
rPois   +            c - +0 helmet
rElec   +            (no cloak)
rCorr   +            (no gloves)
SInv    .            g - +0 pair of boots
Will    .....        (no amulet) Stlth
                     (no ring)
HPRegen 0.25/turn    (no ring)
MPRegen 0.09/turn

%: no passive effects
@: resistant, hasted, very quick
A: repulsion field 1, ignite blood 1
a: no special abilities


You were on level 4 of the Dungeon.
You visited 1 branch of the dungeon, and saw 4 of its levels.

You collected 175 gold pieces.

Inventory:

Hand Weapons
 a - a +0 long sword
 i - a +1 short sword of speed (weapon)
 q - a +1 dagger of protection
Missiles
 d - 3 throwing nets
 e - 5 javelins (quivered)
 r - 2 poisoned darts
Armour
 b - a +0 leather armour
 c - a +0 helmet (worn)
 g - a +0 pair of boots (worn)
 k - a +0 scale mail (worn)
Scrolls
 h - a scroll of immolation {unknown}
 s - a scroll of noise {unknown}
Potions
 j - a potion of curing
 o - a potion of mutation {unknown}
 p - a potion of might {unknown}


   Skills:
 + Level 2.5 Fighting
 + Level 0.8(2.5) Short Blades
 + Level 3.7(3.8) Long Blades
 + Level 1.9 Throwing
 + Level 1.7 Armour
 + Level 3.2 Dodging
 + Level 0.2 Stealth


You had 3 spell levels left.
You didn't know any spells.
Your spell library contained the following spells:

 Spells                   Type           Power      Damage    Failure   Level
 Shock                    Conj/Air       0%         1d3       86%         1
 Ensorcelled Hibernation  Hex/Ice        0%         N/A       95%         2
 Jinxbite                 Hex            0%         N/A       95%         2
 Passwall                 Erth           0%         N/A       99%         3
 Swiftness                Air            0%         N/A       99%         3
 Airstrike                Air            0%         2d(0-16)  100%        4
 Yara's Violent Unravell  Hex/Alch       0%         3d3       100%        5
 Enfeeble                 Hex            0%         N/A       100%        7


Dungeon Overview and Level Annotations

Branches:
Dungeon (4/15)
 Temple: D:4-7

Altars:
Dithmenos
Vehumet

Annotations:
D:4 AstroCodex24's ghost, weakling BaFi


Innate Abilities, Weirdness & Mutations

You are surrounded by a mild repulsion field. (EV +2)
Your demonic aura sometimes causes spilled blood to erupt in flames.


Message History

AstroCodex24's ghost is severely damaged.
AstroCodex24's ghost hits you!
You hit AstroCodex24's ghost but do no damage.
AstroCodex24's ghost is severely damaged.
You hit AstroCodex24's ghost but do no damage.
AstroCodex24's ghost is severely damaged.
You hit AstroCodex24's ghost but do no damage.
AstroCodex24's ghost is severely damaged.
AstroCodex24's ghost hits you but does no damage.
You hit AstroCodex24's ghost but do no damage.
AstroCodex24's ghost is severely damaged.
You barely miss AstroCodex24's ghost.
AstroCodex24's ghost is severely damaged.
AstroCodex24's ghost barely misses you.
You hit AstroCodex24's ghost.
AstroCodex24's ghost is severely damaged.
You barely miss AstroCodex24's ghost.
AstroCodex24's ghost is severely damaged.
AstroCodex24's ghost whispers, "Death doesn't hurt.
What you feel is life."
AstroCodex24's ghost closely misses you.
You completely miss AstroCodex24's ghost.
AstroCodex24's ghost is severely damaged.
You barely miss AstroCodex24's ghost.
AstroCodex24's ghost is severely damaged.
You hit AstroCodex24's ghost but do no damage.
AstroCodex24's ghost is severely damaged.
AstroCodex24's ghost hits you but does no damage.
You hit AstroCodex24's ghost but do no damage.
AstroCodex24's ghost is severely damaged.
You hit AstroCodex24's ghost.
AstroCodex24's ghost is severely damaged.
You hit AstroCodex24's ghost.
AstroCodex24's ghost is almost destroyed.
AstroCodex24's ghost closely misses you.
You hit AstroCodex24's ghost but do no damage.
AstroCodex24's ghost is almost destroyed.
You hit AstroCodex24's ghost.
AstroCodex24's ghost is almost destroyed.
AstroCodex24's ghost hits you!
You die...

#...##..#.....#####..#........#
#'###########.....#..#........#
.....#......+.....#..#........#
.....'......#.....#..'........#
.....######+#.....####........#
..................#..#........#
..................#..#........#
.........(......W.#..#........#
#'###...........@.#..#........###
....#.............#..#........#..
....#.............#..#....##'##..
....#.............#'##....#......
##..##+###+###'#..........#......
######...'.....+..........#..##..
....'....#.....#..........#######
....##'#########..........#
....#.......g.............#


You could see AstroCodex24's ghost.

Vanquished Creatures
  A sleepcap (D:4)
  4 adders
  A dart slug (D:3)
  4 orcs
  9 endoplasms
  8 goblins
  4 hobgoblins
  7 jackals
  2 quokkas
  3 ball pythons (D:1)
  A bat (D:1)
  3 frilled lizards (D:1)
  6 kobolds
  10 rats
63 creatures vanquished.

Notes
Turn   | Place    | Note
-------+----------+-------------------------------------------
     0 | D:1      | wildpjah the Demonspawn Gladiator began the quest for the
                  | Orb.
     0 | D:1      | Reached XP level 1. HP: 16/16 MP: 1/1
   141 | D:1      | Gained mutation: You are surrounded by a mild repulsion
                  | field. (EV +2) [demonic ancestry]
   141 | D:1      | Reached XP level 2. HP: 22/22 MP: 2/2
   402 | D:1      | Gained mutation: Your demonic aura sometimes causes spilled
                  | blood to erupt in flames. [demonic ancestry]
   402 | D:1      | Reached XP level 3. HP: 23/27 MP: 3/3
  1052 | D:3      | Reached skill level 1 in Armour
  1061 | D:3      | Reached XP level 4. HP: 29/34 MP: 4/4
  1197 | D:3      | Found a radiant altar of Vehumet.
  1197 | D:3      | Found a shadowy altar of Dithmenos.
  1896 | D:4      | Found a runed translucent door.
  2383 | D:4      | Noticed AstroCodex24's ghost (weakling BaFi)
  2552 | D:4      | Slain by AstroCodex24's ghost

Illustrated notes

Levels and vault maps discovered:
D:1:      lightli_arrival_windingriver, layout_rooms
D:2:      minmay_evil_eye, layout_basic
D:3:      layout_basic, gammafunk_temple_overflow_pools, serial_bayou,
          serial_bayou_shore_a, serial_bayou_pond_d, serial_bayou_lagoon_a,
          serial_bayou_pond_a, nicolae_half_adder
D:4:      layout_gridville, ebering_ghost_reflecting_pool

Skill      XL: |  1  2  3 |
---------------+----------+-----
Long Blades    | 3 |  3.7
Dodging        | 3 |  3.2
Armour         | 1 |  1.7
Fighting       | |  2.5
Short Blades   | |  0.8
Throwing       | |  1.9
Stealth        | |  0.2

Action                     |  1- 3 |  4- 6 || total
---------------------------+-------+-------++-------
  Melee: Long sword        |   106 |       ||   106
         Punch             |     1 |     1 ||     2
         Short sword       |    55 |   128 ||   183
  Throw: Javelin           |       |     1 ||     1
    Use: Potion            |       |     4 ||     4
         Scroll            |       |     1 ||     1
   Stab: Sleeping          |     1 |       ||     1
 Armour: Leather armour    |    82 |       ||    82
         Scale mail        |    14 |    39 ||    53
  Dodge: Dodged            |   131 |    44 ||   175

Table legend: (Time is in decaauts)
 A = Elapsed time spent in this place.
 B = Non-inter-level travel time spent in this place.
 C = Inter-level travel time spent in this place.
 D = Time resting spent in this place.
 E = Time spent auto-exploring this place.
 F = Levels seen in this place.
 G = Mean time per level.
                   A        B        C        D        E       F      G
               +--------+--------+--------+--------+--------+-----+--------+
         Total |   2526 |   2456 |     70 |     94 |   1848 |   4 |  631.5 |
       Dungeon |   2526 |   2456 |     70 |     94 |   1848 |   4 |  631.5 |
               +--------+--------+--------+--------+--------+-----+--------+

Top non-repeatable levels by time:
     D:3: 992 daAuts
     D:4: 891 daAuts
     D:1: 513 daAuts
     D:2: 129 daAuts
